 Dungeon Crawl Stone Soup version 0.19.1 (webtiles) character file.

88 M4edhros the Insei (level 4, -21/27 HPs)
             Began as an Octopode Chaos Knight on Dec 25, 2016.
             Demolished by a sun demon (25 damage)
             ... summoned by Xom
             ... on level 2 of the Dungeon.
             The game lasted 00:03:15 (6591 turns).

M4edhros the Insei (Octopode Chaos Knight)          Turns: 6591, Time: 00:03:17

Health: -21/27     AC:  1    Str:  9    XL:     4   Next: 54%
Magic:  4/4        EV: 13    Int: 14    God:    Xom [......]
Gold:   141        SH:  0    Dex: 12    Spells: 0 memorised, 3 levels left

rFire  + . .     SeeInvis .       - Unarmed
rCold  x . .     Gourm    .     (no shield)
rNeg   . . .     Faith    .     (helmet restricted)
rPois  .         Spirit   .     (no amulet)
rElec  .         Reflect  .     d - ring of stealth
rCorr  .         Harm     .     f - ring of fire
MR     .....     Clarity  +     (no ring)
Stlth  +++.......               (no ring)
                                (no ring)
                                (no ring)
                                (no ring)
                                (no ring)

@: drained, invisible
A: almost no armour, stealthy swim, amphibious, 8 rings, constrict 8, antennae
1, tentacle spike 1, camouflage 1, clarity, frail 1, weak 1, gelatinous body 1
a: Renounce Religion


You were on level 2 of the Dungeon.
You worshipped Xom.
You were a very special plaything of Xom.
You were not hungry.

You visited 1 branch of the dungeon, and saw 2 of its levels.

You collected 141 gold pieces.

Inventory:

Hand Weapons
 h - a +1 whip of draining
Jewellery
 d - a ring of stealth (left tentacle)
 f - a ring of fire (right tentacle)
Scrolls
 b - a scroll of amnesia {unknown}
 g - a scroll of remove curse {unknown}
 i - a scroll of fog {unknown}
Potions
 e - a potion of cancellation {unknown}
Comestibles
 a - a bread ration


   Skills:
 - Level 3.0(2.4) Fighting
 - Level 2.3(1.8) Dodging
 + Level 5.2(4.6) Unarmed Combat


You had 3 spell levels left.
You didn't know any spells.

Dungeon Overview and Level Annotations

Branches:
Dungeon (2/15)

Altars:
Xom


Innate Abilities, Weirdness & Mutations

You cannot wear most types of armour.
You are very stealthy in the water. (Stealth+)
You are amphibious.
You can wear up to eight rings at the same time.
You can use your tentacles to constrict eight enemies at once.
Your skin changes colour to match your surroundings (Stealth+).
Your rubbery body absorbs attacks. (AC +1, EV +1)
You have a pair of small antennae on your head.
One of your tentacles bears a spike.
You possess an exceptional clarity of mind.
You are frail. (-10% HP)
You are weak. (Str -2)


Message History

HP restored.
You start waiting.
You are now a BORING thing.
You start waiting. "Fight to survive, mortal."
You are now a very special plaything of Xom.
You open the door. The smoke demon hits you. The smoke demon barely misses you.
The smoke demon hits you. The smoke demon barely misses you.
The smoke demon hits you. x2
There is an open door here.
The smoke demon gestures at you. Xom smites you!
* * * LOW HITPOINT WARNING * * *
It was a potion of invisibility.
You fade into invisibility!
Xom thinks this is hilarious!
The sun demon hits you!!
Ouch! That really hurt!
You die...
Xom laughs nastily!

.....# #.#.# #.# .....#
#.#.####.#
.....###.#......###########.
.........######.............
.....###)# #..###########
.....# #.#### #......####
.##.## ###...##.....##...#
.##.# ##.....##...##.....##
.##.# #.....%.#@..#.......#
.##.# #..[...)3...+?..l?..#
.##.# #......3#...#.......#
.##.# ##.....##...##.....##
.##.# ##...###...###...#
.##.# #### #...# ##### .##.#
#...###...## .##.#
#...##.....# ....#
...#l......#


You could see a sun demon and a smoke demon.

Vanquished Creatures
  4 adders (D:2)
  2 worms (D:2)
  A dart slug (D:1)
  2 leopard geckos (D:1)
  3 bats
  2 giant cockroaches
  6 goblins
  8 hobgoblins
  A jackal (D:2)
  3 frilled lizards
  4 kobolds (D:1)
  4 rats (D:1)
40 creatures vanquished.

Vanquished Creatures (others)
  4 toadstools (D:1)
4 creatures vanquished.

Grand Total: 44 creatures vanquished

Notes
Turn   | Place    | Note
-------+----------+-------------------------------------------
     0 | D:1      | M4edhros the Octopode Chaos Knight began the quest for the Orb.
     0 | D:1      | Reached XP level 1. HP: 16/16 MP: 1/1
    71 | D:1      | XOM: harmless Divn miscast
   978 | D:1      | XOM: silly message
  1218 | D:1      | XOM: harmless Divn miscast
  1566 | D:1      | XOM: scenery: create altars
  1805 | D:1      | XOM is BORED!
  1805 | D:1      | XOM: mild Necr miscast
  1816 | D:1      | XOM: harmless Necr miscast
  1817 | D:1      | XOM: butterfly on damage
  1819 | D:1      | Reached XP level 2. HP: 10/21 MP: 2/2
  2527 | D:1      | XOM: butterfly on damage
  2769 | D:1      | Reached skill level 4 in Unarmed Combat
  2846 | D:1      | XOM: 6-stop teleportation journey
  2930 | D:1      | XOM is BORED!
  2930 | D:1      | XOM: give mutations
  2930 | D:1      | Gained mutation: You are frail. (-10% HP) [Xom's mischief]
  2963 | D:1      | XOM: mild Necr miscast
  3092 | D:1      | Reached XP level 3. HP: 23/23 MP: 3/3
  3146 | D:1      | XOM: cloud trail
  3658 | D:1      | XOM: draining
  3989 | D:1      | XOM: harmless Summ miscast
  4533 | D:1      | XOM: give mutation
  4533 | D:1      | Gained mutation: You are weak. (Str -2) [Xom's mischief]
  4676 | D:1      | XOM: give mutations
  4676 | D:1      | Gained mutation: You have a pair of small antennae on your head. [Xom's grace]
  4676 | D:1      | Gained mutation: One of your tentacles bears a spike. [Xom's grace]
  4676 | D:1      | Gained mutation: You possess an exceptional clarity of mind. [Xom's grace]
  4850 | D:1      | XOM: mild Conj miscast
  5077 | D:2      | XOM: summons 1 hostile demon
  5078 | D:2      | Noticed a rust devil
  5146 | D:2      | XOM: 2-stop teleportation journey
  5296 | D:2      | XOM: severe Erth miscast
  5802 | D:2      | Reached XP level 4. HP: 25/27 MP: 4/4
  5976 | D:2      | XOM: swap monsters
  6048 | D:2      | Reached skill level 5 in Unarmed Combat
  6264 | D:2      | XOM: 5-stop teleportation journey
  6365 | D:2      | XOM: mild Necr miscast
  6587 | D:2      | XOM is BORED!
  6587 | D:2      | XOM: summons 2 hostile demons
  6588 | D:2      | Noticed a smoke demon
  6588 | D:2      | Noticed a sun demon
  6591 | D:2      | Demolished by a sun demon

Skill      XL: |  1  2  3  4 |
---------------+-------------+-----
Unarmed Combat | 4 5 |  5.2
Fighting       | |  3.0
Dodging        | |  2.3

Action                   |  1- 3 |  4- 6 || total
-------------------------+-------+-------++-------
Melee: Unarmed           |    71 |    23 ||    94
       Constrict         |    19 |     8 ||    27
       Tentacles         |    10 |     8 ||    18
       Kick              |     1 |     8 ||     9
       Punch             |       |     1 ||     1
  Use: Potion            |     1 |     1 ||     2
 Stab: Sleeping          |     4 |     1 ||     5
  Eat: Chunk             |    14 |     3 ||    17
Armor: Skin              |     5 |     1 ||     6
Dodge: Dodged            |    39 |    13 ||    52
